 Dungeon Crawl Stone Soup version 0.18-a0-1639-g7533f42 (webtiles) character file.

107 namelastname112 the Insei (level 4, -1/38 HPs)
             Began as a Draconian Monk on Mar 27, 2016.
             Slain by a gnoll
             ... wielding a +0 spear
              (6 damage)
             ... on level 3 of the Dungeon.
             The game lasted 00:01:35 (1556 turns).

namelastname112 the Insei (Draconian Monk)          Turns: 1556, Time: 00:01:35

Health: -1/38      AC:  5    Str: 13    XL:     4   Next: 57%
Magic:  4/4        EV: 13    Int: 11    God:
Gold:   106        SH:  0    Dex: 14    Spells: 0 memorised, 3 levels left

rFire  . . .     SeeInvis .       - Unarmed
rCold  . . .     Gourm    .     (armour unavailable)
rNeg   . . .     Faith    .     (no shield)
rPois  .         Spirit   .     (helmet restricted)
rElec  .         Dismiss  .     (no cloak)
rCorr  .         Reflect  .     (no gloves)
SustAt .         Harm     .     (no boots)
MR     .....                    (no amulet)
Stlth  ++........               (no ring)
                                (no ring)

@: not resistant to hostile enchantments, unstealthy
A: unfitting armour, cold-blooded, AC +5
a: no special abilities


You were on level 3 of the Dungeon.
You were very hungry.

You visited 1 branch of the dungeon, and saw 3 of its levels.

You collected 106 gold pieces.

Inventory:

Scrolls
 b - a scroll of random uselessness {unknown}
 c - a scroll of identify {unknown}
 d - a scroll of enchant armour {unknown}
 h - a scroll of enchant weapon {unknown}
 i - a scroll of noise {unknown}
 m - a scroll of fog {unknown}
 o - a scroll of fear {unknown}
 r - a scroll of teleportation {unknown}
Potions
 e - a potion of lignification {unknown}
 g - a potion of mutation {unknown}
 j - a potion of invisibility {unknown}
 k - a potion of cure mutation {unknown}
 l - 2 potions of agility {unknown}
 n - a potion of resistance {unknown}
 p - a potion of haste {unknown}
 s - 3 potions of curing {unknown}
Comestibles
 a - 3 bread rations
 f - a beef jerky
 q - a meat ration


   Skills:
 - Level 3.2 Fighting
 - Level 2.6 Dodging
 - Level 1.7 Stealth
 + Level 6.0 Unarmed Combat


You had 3 spell levels left.
You didn't know any spells.

Dungeon Overview and Level Annotations

Branches:
Dungeon (3/15)

Altars:


Innate Abilities, Weirdness & Mutations

Your plain brown scales are hard (AC +5).
Your body does not fit into most forms of armour.
You are cold-blooded and may be slowed by cold attacks.


Message History

The gnoll is lightly wounded.
The gnoll barely misses you. The gnoll closely misses you.
The gnoll hits you but does no damage.
You hit the gnoll.
Your tail-slap misses the gnoll.
The gnoll is moderately wounded.
The gnoll hits you with a spear. The gnoll closely misses you.
You hit the gnoll.
The gnoll is moderately wounded.
The gnoll barely misses you. The gnoll misses you.
The gnoll hits you but does no damage.
You barely miss the gnoll.
You tail-slap the gnoll, but do no damage.
The gnoll is moderately wounded.
The gnoll hits you with a club. The gnoll hits you but does no damage.
You barely miss the gnoll.
The gnoll is moderately wounded.
The gnoll hits you!
* * * LOW HITPOINT WARNING * * *
The gnoll barely misses you. The gnoll hits you with a spear.
You die...

# #... # .... .. #
#..# #.# #..# #.#
### #..# #.# .. ..#
#.# .# ###.
#######.#
#.###.#.....
(...))..#
###.##$g..#
#######.# #[....@#
##.#(###.#?##gg..#
##...........##.#.#
##.....###.....#.#
#
##.......#........#
#.....<...........#
##.......#.......##
##.....###.....##
#....#.# ##......


You could see 3 gnolls.

Vanquished Creatures
  2 orc wizards (D:3)
  2 adders (D:2)
  2 worms (D:2)
  A dart slug (D:1)
  An orc (D:3)
  A ball python (D:1)
  A giant cockroach (D:1)
  6 goblins
  3 hobgoblins
  4 kobolds (D:1)
  5 bats
  A giant newt (D:1)
  4 rats
33 creatures vanquished.

Notes
Turn   | Place    | Note
--------------------------------------------------------------
     0 | D:1      | namelastname112 the Draconian Monk began the quest for the Orb.
     0 | D:1      | Reached XP level 1. HP: 19/19 MP: 1/1
   208 | D:1      | Reached XP level 2. HP: 20/26 MP: 2/2
   839 | D:2      | Reached skill level 5 in Unarmed Combat
   839 | D:2      | Reached XP level 3. HP: 13/31 MP: 3/3
  1375 | D:3      | Reached XP level 4. HP: 29/38 MP: 4/4
  1390 | D:3      | Reached skill level 6 in Unarmed Combat
  1556 | D:3      | Slain by a gnoll

Vault maps used:
D:1:      dpeg_arrival_shrine
D:2:      first_bread, nicolae_underground_beach
D:3:      overflow_temple_1_default, feat_on_display

Skill      XL: |  1  2  3  4 |
---------------+-------------+-----
Unarmed Combat | 5 6 |  6.0
Fighting       | |  3.2
Dodging        | |  2.6
Stealth        | |  1.7

Action                   |  1- 3 |  4- 6 || total
-------------------------+-------+-------++-------
Melee: Unarmed           |   117 |    22 ||   139
  Use: Potion            |       |     1 ||     1
 Stab: Sleeping          |     4 |       ||     4
  Eat: Chunk             |     1 |       ||     1
